[ AOE2 MATCH · #506495330 ]
UnrankedPersians vs Burmese
Player's team · WIN
Rival team · LOSS
[ REPLAY ANALYSIS · EXTRACTED FROM THE RECORDED GAME ]
Feudal
8:26
Castle
21:25
Imperial
—
| APM avg | 81.6 |
| APM peak | 130 |
| eAPM avg | 30.7 |
| Villagers / military | 165 / 117 |
Focus
⚔️ 40.3% · 🌾 59.7%
Archer ×105 · Mangonel ×12
Feudal
10:12
Castle
16:11
Imperial
—
| APM avg | 105.8 |
| APM peak | 146 |
| eAPM avg | 50.1 |
| Villagers / military | 74 / 54 |
Focus
⚔️ 29.9% · 🌾 70.1%
Arambai ×34 · Mangonel ×16 · Monk ×4
Match map
Initial resources + every placement click. Lines = walls · curves = elevation contours. ◆ gold · ⬟ stone · ● berries · ✦ relic · ◌ wall gap
Your base· Open — unwalled flank
Kubiasty's base· Open — unwalled flank
Smoothed initial terrain · ◌ = detected wall gap · hover for details
Inputs per minute
— CTM | IKARO - - Kubiasty
Build order — CTM | IKARO
First 150 of 450 actions detected
| 0:01 | Queue | Villager (Male) |
| 0:01 | Queue | Villager (Male) |
| 0:03 | Build | House |
| 0:06 | Build | House |
| 0:06 | Queue | Villager (Male) |
| 0:06 | Queue | Villager (Male) |
| 0:09 | Queue | Villager (Male) |
| 0:10 | Queue | Villager (Male) |
| 1:22 | Queue | Villager (Male) |
| 1:22 | Queue | Villager (Male) |
| 1:58 | Queue | Villager (Male) |
| 1:58 | Queue | Villager (Male) |
| 2:12 | Queue | Villager (Male) |
| 2:13 | Queue | Villager (Male) |
| 2:43 | Queue | Villager (Male) |
| 2:43 | Queue | Villager (Male) |
| 2:55 | Queue | Villager (Male) |
| 2:55 | Queue | Villager (Male) |
| 3:19 | Build | House |
| 3:22 | Build | Lumber Camp |
| 3:30 | Queue | Villager (Male) |
| 3:30 | Queue | Villager (Male) |
| 3:41 | Queue | Villager (Male) |
| 3:53 | Queue | Villager (Male) |
| 3:53 | Queue | Villager (Male) |
| 4:24 | Queue | Villager (Male) |
| 4:24 | Queue | Villager (Male) |
| 5:12 | Queue | Villager (Male) |
| 5:29 | Queue | Villager (Male) |
| 5:29 | Queue | Villager (Male) |
| 5:29 | Queue | Villager (Male) |
| 5:30 | Build | Mining Camp |
| 5:51 | Research | Loom |
| 6:18 | Research | Feudal Age |
| 6:18 | Research | Feudal Age |
| 7:11 | Build | Palisade Wall |
| 7:13 | Build | Barracks |
| 7:21 | Queue | Villager (Male) |
| 7:39 | Build | House |
| 8:26 | Age | Feudal Age |
| 8:36 | Queue | Villager (Male) |
| 8:38 | Build | Archery Range |
| 8:46 | Research | Double-Bit Axe |
| 9:00 | Queue | Villager (Male) |
| 9:12 | Build | Mining Camp |
| 9:14 | Queue | Villager (Male) |
| 9:18 | Build | Mill |
| 9:25 | Build | House |
| 9:33 | Queue | Archer |
| 9:33 | Queue | Archer |
| 9:33 | Queue | Archer |
| 9:58 | Build | Watch Tower |
| 10:07 | Queue | Archer |
| 10:07 | Queue | Archer |
| 10:17 | Build | Farm |
| 10:19 | Build | Farm |
| 10:28 | Queue | Archer |
| 10:29 | Queue | Archer |
| 10:29 | Queue | Villager (Male) |
| 10:29 | Queue | Villager (Male) |
| 11:04 | Build | Palisade Wall |
| 11:05 | Build | Palisade Wall |
| 11:06 | Build | Palisade Wall |
| 11:06 | Build | Palisade Wall |
| 11:14 | Queue | Villager (Male) |
| 11:16 | Build | House |
| 11:28 | Build | Stone Wall |
| 11:28 | Build | Stone Wall |
| 11:29 | Build | Stone Wall |
| 11:29 | Build | Stone Wall |
| 11:29 | Build | Stone Wall |
| 11:30 | Build | Stone Wall |
| 11:30 | Build | Stone Wall |
| 11:30 | Build | Stone Wall |
| 11:31 | Build | Stone Wall |
| 11:31 | Build | Stone Wall |
| 11:31 | Build | Stone Wall |
| 11:32 | Build | Stone Wall |
| 11:32 | Build | Stone Wall |
| 11:32 | Build | Stone Wall |
| 11:33 | Build | Stone Wall |
| 11:33 | Build | Stone Wall |
| 11:34 | Build | Stone Wall |
| 11:34 | Build | Stone Wall |
| 11:34 | Build | Stone Wall |
| 11:43 | Queue | Archer |
| 11:44 | Queue | Archer |
| 11:44 | Queue | Villager (Male) |
| 11:45 | Queue | Villager (Male) |
| 11:45 | Queue | Villager (Male) |
| 12:24 | Queue | Villager (Male) |
| 12:24 | Queue | Villager (Male) |
| 12:40 | Queue | Archer |
| 12:40 | Queue | Archer |
| 12:47 | Queue | Villager (Male) |
| 12:48 | Queue | Villager (Male) |
| 12:49 | Build | Farm |
| 13:09 | Build | Blacksmith |
| 13:10 | Build | House |
| 13:17 | Queue | Archer |
| 13:17 | Queue | Archer |
| 13:17 | Queue | Villager (Male) |
| 13:18 | Queue | Villager (Male) |
| 13:20 | Build | Farm |
| 13:20 | Build | Farm |
| 13:20 | Build | Farm |
| 13:20 | Build | Farm |
| 13:20 | Build | Farm |
| 13:21 | Build | Farm |
| 14:00 | Research | Fletching |
| 14:00 | Research | Fletching |
| 14:44 | Build | House |
| 14:44 | Build | House |
| 14:46 | Queue | Villager (Male) |
| 14:47 | Queue | Villager (Male) |
| 14:53 | Build | Market |
| 15:01 | Queue | Archer |
| 15:23 | Build | Watch Tower |
| 15:31 | Queue | Archer |
| 15:31 | Queue | Villager (Male) |
| 15:32 | Queue | Villager (Male) |
| 15:33 | Queue | Villager (Male) |
| 15:33 | Queue | Villager (Male) |
| 15:33 | Queue | Villager (Male) |
| 15:33 | Queue | Villager (Male) |
| 15:38 | Build | Mill |
| 15:48 | Queue | Archer |
| 15:49 | Queue | Archer |
| 15:52 | Build | House |
| 16:13 | Queue | Villager (Male) |
| 16:15 | Queue | Archer |
| 16:37 | Build | Palisade Wall |
| 16:37 | Build | Palisade Wall |
| 16:38 | Build | Palisade Wall |
| 16:46 | Build | Watch Tower |
| 17:05 | Build | Stone Wall |
| 17:05 | Build | Stone Wall |
| 17:06 | Build | Stone Wall |
| 17:06 | Build | Stone Wall |
| 17:08 | Queue | Archer |
| 17:10 | Queue | Villager (Male) |
| 17:11 | Queue | Villager (Male) |
| 17:30 | Build | Palisade Wall |
| 17:31 | Build | Palisade Wall |
| 17:57 | Queue | Archer |
| 18:09 | Build | House |
| 18:11 | Build | Outpost |
| 19:00 | Research | Castle Age |
| 19:00 | Research | Castle Age |
| 19:03 | Build | Archery Range |
Build order — Kubiasty
First 150 of 235 actions detected
| 0:01 | Queue | Villager (Male) |
| 0:02 | Build | House |
| 0:03 | Build | House |
| 0:06 | Queue | Villager (Male) |
| 0:25 | Queue | Villager (Male) |
| 0:35 | Queue | Villager (Male) |
| 1:14 | Queue | Villager (Male) |
| 1:52 | Queue | Villager (Male) |
| 2:28 | Queue | Villager (Male) |
| 2:36 | Build | Lumber Camp |
| 2:44 | Queue | Villager (Male) |
| 3:01 | Build | House |
| 3:02 | Build | House |
| 3:07 | Queue | Villager (Male) |
| 3:10 | Queue | Villager (Male) |
| 3:48 | Queue | Villager (Male) |
| 3:55 | Queue | Villager (Male) |
| 4:19 | Queue | Villager (Male) |
| 5:18 | Queue | Villager (Male) |
| 5:22 | Queue | Villager (Male) |
| 5:25 | Build | Mill |
| 5:33 | Queue | Villager (Male) |
| 5:33 | Queue | Villager (Male) |
| 5:38 | Queue | Villager (Male) |
| 5:53 | Build | Palisade Wall |
| 5:54 | Build | Palisade Wall |
| 6:02 | Queue | Villager (Male) |
| 6:29 | Build | Mining Camp |
| 6:54 | Build | Palisade Wall |
| 6:55 | Build | Palisade Wall |
| 6:59 | Build | Palisade Wall |
| 7:02 | Build | Palisade Wall |
| 7:22 | Build | House |
| 7:23 | Build | Palisade Wall |
| 7:30 | Build | Palisade Wall |
| 8:01 | Build | Palisade Wall |
| 8:02 | Research | Feudal Age |
| 8:02 | Research | Feudal Age |
| 8:02 | Research | Loom |
| 8:02 | Research | Loom |
| 8:05 | Build | Palisade Wall |
| 9:09 | Build | Palisade Wall |
| 9:38 | Build | Mill |
| 9:49 | Build | Palisade Wall |
| 9:49 | Build | Palisade Wall |
| 9:50 | Build | Palisade Wall |
| 9:53 | Build | Palisade Wall |
| 9:58 | Build | Palisade Wall |
| 9:59 | Build | Palisade Wall |
| 9:59 | Build | Palisade Wall |
| 9:59 | Build | Palisade Wall |
| 10:00 | Build | Palisade Wall |
| 10:02 | Build | Palisade Wall |
| 10:04 | Build | Palisade Wall |
| 10:09 | Build | Palisade Wall |
| 10:12 | Age | Feudal Age |
| 10:23 | Build | Market |
| 10:29 | Build | Palisade Wall |
| 10:41 | Queue | Villager (Male) |
| 11:11 | Queue | Villager (Male) |
| 11:22 | Build | Blacksmith |
| 11:46 | Build | Farm |
| 12:11 | Build | Palisade Wall |
| 12:13 | Build | Palisade Wall |
| 12:17 | Build | Palisade Wall |
| 12:20 | Build | Farm |
| 12:25 | Build | Palisade Wall |
| 12:38 | Build | Farm |
| 13:01 | Build | Farm |
| 13:04 | Build | Palisade Wall |
| 13:26 | Build | Farm |
| 13:31 | Research | Castle Age |
| 14:23 | Build | Farm |
| 14:23 | Build | Farm |
| 14:25 | Build | Farm |
| 14:36 | Queue | Villager (Male) |
| 14:43 | Build | Farm |
| 15:31 | Build | Lumber Camp |
| 15:37 | Queue | Villager (Male) |
| 15:54 | Build | Palisade Wall |
| 15:55 | Build | Palisade Wall |
| 15:55 | Build | Palisade Wall |
| 16:06 | Build | House |
| 16:07 | Build | Palisade Wall |
| 16:09 | Build | Palisade Wall |
| 16:11 | Age | Castle Age |
| 16:34 | Build | Castle |
| 16:38 | Queue | Villager (Male) |
| 17:56 | Queue | Arambai |
| 17:57 | Queue | Arambai |
| 17:57 | Queue | Arambai |
| 18:59 | Queue | Villager (Male) |
| 19:03 | Build | Mining Camp |
| 19:04 | Queue | Villager (Male) |
| 19:05 | Queue | Villager (Male) |
| 19:25 | Queue | Villager (Male) |
| 19:30 | Queue | Villager (Male) |
| 19:30 | Queue | Villager (Male) |
| 19:50 | Queue | Villager (Male) |
| 19:58 | Build | Outpost |
| 20:02 | Build | Outpost |
| 20:05 | Queue | Villager (Male) |
| 20:34 | Queue | Arambai |
| 20:35 | Queue | Villager (Male) |
| 20:35 | Queue | Villager (Male) |
| 20:43 | Queue | Villager (Male) |
| 21:03 | Build | Mining Camp |
| 21:21 | Queue | Arambai |
| 21:21 | Queue | Arambai |
| 21:31 | Queue | Villager (Male) |
| 21:44 | Build | Siege Workshop |
| 21:48 | Queue | Arambai |
| 21:55 | Queue | Arambai |
| 22:16 | Queue | Villager (Male) |
| 22:51 | Build | House |
| 23:12 | Queue | Villager (Male) |
| 23:13 | Queue | Villager (Male) |
| 23:14 | Queue | Villager (Male) |
| 23:18 | Queue | Villager (Male) |
| 23:22 | Research | Padded Archer Armor |
| 23:30 | Queue | Villager (Male) |
| 23:37 | Build | Monastery |
| 23:44 | Queue | Arambai |
| 23:51 | Build | Outpost |
| 24:07 | Queue | Arambai |
| 24:12 | Queue | Villager (Male) |
| 24:30 | Queue | Arambai |
| 24:47 | Queue | Mangonel |
| 25:19 | Build | Lumber Camp |
| 25:21 | Queue | Arambai |
| 25:34 | Queue | Arambai |
| 26:00 | Research | Fletching |
| 26:00 | Research | Fletching |
| 26:08 | Queue | Villager (Male) |
| 26:09 | Queue | Villager (Male) |
| 26:09 | Queue | Villager (Male) |
| 26:31 | Queue | Villager (Male) |
| 26:31 | Queue | Villager (Male) |
| 27:06 | Queue | Villager (Male) |
| 27:15 | Queue | Villager (Male) |
| 27:17 | Build | Outpost |
| 27:31 | Queue | Villager (Male) |
| 27:31 | Queue | Villager (Male) |
| 27:48 | Queue | Arambai |
| 28:04 | Queue | Arambai |
| 28:05 | Queue | Villager (Male) |
| 28:08 | Build | Outpost |
| 28:17 | Queue | Arambai |
| 28:28 | Queue | Villager (Male) |
| 28:41 | Queue | Arambai |
Match timeline
| 5:53 | Kubiasty · wall_segment Palisade Wall x1 |
| 5:54 | Kubiasty · wall_segment Palisade Wall x1 |
| 6:54 | Kubiasty · wall_segment Palisade Wall x1 |
| 6:55 | Kubiasty · wall_segment Palisade Wall x1 |
| 6:59 | Kubiasty · wall_segment Palisade Wall x1 |
| 7:02 | Kubiasty · wall_segment Palisade Wall x1 |
| 7:11 | CTM | IKARO · wall_segment Palisade Wall x1 |
| 7:13 | CTM | IKARO · first_building Barracks |
| 7:23 | Kubiasty · wall_segment Palisade Wall x1 |
| 7:30 | Kubiasty · wall_segment Palisade Wall x1 |
| 8:01 | Kubiasty · wall_segment Palisade Wall x1 |
| 8:05 | Kubiasty · wall_segment Palisade Wall x1 |
| 8:26 | CTM | IKARO · age_up feudal |
| 8:38 | CTM | IKARO · first_building Archery Range |
| 9:09 | Kubiasty · wall_segment Palisade Wall x1 |
| 9:49 | Kubiasty · wall_segment Palisade Wall x1 |
| 9:49 | Kubiasty · wall_segment Palisade Wall x1 |
| 9:50 | Kubiasty · wall_segment Palisade Wall x1 |
| 9:53 | Kubiasty · wall_segment Palisade Wall x1 |
| 9:58 | Kubiasty · wall_segment Palisade Wall x1 |
| 9:59 | Kubiasty · wall_segment Palisade Wall x1 |
| 9:59 | Kubiasty · wall_segment Palisade Wall x1 |
| 9:59 | Kubiasty · wall_segment Palisade Wall x1 |
| 10:00 | Kubiasty · wall_segment Palisade Wall x1 |
| 10:02 | Kubiasty · wall_segment Palisade Wall x1 |
| 10:04 | Kubiasty · wall_segment Palisade Wall x1 |
| 10:09 | Kubiasty · wall_segment Palisade Wall x1 |
| 10:12 | Kubiasty · age_up feudal |
| 10:29 | Kubiasty · wall_segment Palisade Wall x1 |
| 11:04 | CTM | IKARO · wall_segment Palisade Wall x2 |
| 11:05 | CTM | IKARO · wall_segment Palisade Wall x1 |
| 11:06 | CTM | IKARO · wall_segment Palisade Wall x1 |
| 11:06 | CTM | IKARO · wall_segment Palisade Wall x1 |
| 11:28 | CTM | IKARO · wall_segment Stone Wall x2 |
| 11:28 | CTM | IKARO · wall_segment Stone Wall x2 |
| 11:29 | CTM | IKARO · wall_segment Stone Wall x1 |
| 11:29 | CTM | IKARO · wall_segment Stone Wall x2 |
| 11:29 | CTM | IKARO · wall_segment Stone Wall x1 |
| 11:30 | CTM | IKARO · wall_segment Stone Wall x2 |
| 11:30 | CTM | IKARO · wall_segment Stone Wall x2 |
| 11:30 | CTM | IKARO · wall_segment Stone Wall x1 |
| 11:31 | CTM | IKARO · wall_segment Stone Wall x1 |
| 11:31 | CTM | IKARO · wall_segment Stone Wall x1 |
| 11:31 | CTM | IKARO · wall_segment Stone Wall x2 |
| 11:32 | CTM | IKARO · wall_segment Stone Wall x2 |
| 11:32 | CTM | IKARO · wall_segment Stone Wall x1 |
| 11:32 | CTM | IKARO · wall_segment Stone Wall x2 |
| 11:33 | CTM | IKARO · wall_segment Stone Wall x1 |
| 11:33 | CTM | IKARO · wall_segment Stone Wall x2 |
| 11:34 | CTM | IKARO · wall_segment Stone Wall x2 |
| 11:34 | CTM | IKARO · wall_segment Stone Wall x1 |
| 11:34 | CTM | IKARO · wall_segment Stone Wall x1 |
| 11:35 | Kubiasty · first_market_sell 100 stone |
| 11:36 | Kubiasty · first_market_buy 100 food |
| 12:11 | Kubiasty · wall_segment Palisade Wall x1 |
| 12:13 | Kubiasty · wall_segment Palisade Wall x1 |
| 12:17 | Kubiasty · wall_segment Palisade Wall x1 |
| 12:25 | Kubiasty · wall_segment Palisade Wall x1 |
| 13:04 | Kubiasty · wall_segment Palisade Wall x1 |
| 15:54 | Kubiasty · wall_segment Palisade Wall x1 |
| 15:55 | Kubiasty · wall_segment Palisade Wall x1 |
| 15:55 | Kubiasty · wall_segment Palisade Wall x1 |
| 16:07 | Kubiasty · wall_segment Palisade Wall x1 |
| 16:09 | Kubiasty · wall_segment Palisade Wall x1 |
| 16:11 | Kubiasty · age_up castle |
| 16:34 | Kubiasty · first_building Castle |
| 16:37 | CTM | IKARO · wall_segment Palisade Wall x1 |
| 16:37 | CTM | IKARO · wall_segment Palisade Wall x1 |
| 16:38 | CTM | IKARO · wall_segment Palisade Wall x2 |
| 17:05 | CTM | IKARO · wall_segment Stone Wall x1 |
| 17:05 | CTM | IKARO · wall_segment Stone Wall x1 |
| 17:06 | CTM | IKARO · wall_segment Stone Wall x1 |
| 17:06 | CTM | IKARO · wall_segment Stone Wall x1 |
| 17:30 | CTM | IKARO · wall_segment Palisade Wall x1 |
| 17:31 | CTM | IKARO · wall_segment Palisade Wall x1 |
| 18:59 | CTM | IKARO · first_market_buy 100 food |
| 19:11 | CTM | IKARO · first_market_sell 100 wood |
| 20:04 | CTM | IKARO · wall_segment Stone Wall x1 |
| 20:05 | CTM | IKARO · wall_segment Stone Wall x1 |
| 20:05 | CTM | IKARO · wall_segment Stone Wall x1 |
| 20:06 | CTM | IKARO · wall_segment Stone Wall x2 |
| 20:06 | CTM | IKARO · wall_segment Stone Wall x2 |
| 20:07 | CTM | IKARO · wall_segment Stone Wall x2 |
| 20:07 | CTM | IKARO · wall_segment Stone Wall x1 |
| 20:07 | CTM | IKARO · wall_segment Stone Wall x2 |
| 20:08 | CTM | IKARO · wall_segment Stone Wall x1 |
| 20:08 | CTM | IKARO · wall_segment Stone Wall x1 |
| 20:08 | CTM | IKARO · wall_segment Stone Wall x1 |
| 20:09 | CTM | IKARO · wall_segment Stone Wall x1 |
| 21:25 | CTM | IKARO · age_up castle |
| 21:44 | Kubiasty · first_building Siege Workshop |
| 23:37 | Kubiasty · first_building Monastery |
| 24:04 | CTM | IKARO · first_building Siege Workshop |
| 35:46 | CTM | IKARO · wall_segment Palisade Wall x19 |
| 37:08 | Kubiasty · first_building Barracks |
| 41:31 | Kubiasty · resign |
[ AI ANALYSIS · 1 CREDIT ]
What really happened in this match?
Wolo.gg analyzes every decision: build order, eco, micro, common mistakes by bracket. Personalized analysis on WhatsApp or Discord in 30 seconds.
Civ guide
Persians
Perfil
Jugador #3828058